 Dungeon Crawl Stone Soup version 0.20.0-15-g7f486f2 (webtiles) character file.

371 renl the Firebug (level 6, 0/32 HPs)
             Began as a Deep Elf Fire Elementalist on June 26, 2017.
             Slain by Shadostepz's ghost (7 damage)
             ... on level 4 of the Dungeon.
             The game lasted 00:25:24 (3226 turns).

renl the Firebug (Deep Elf Fire Elementalist)       Turns: 3226, Time: 00:25:25

Health: 0/32       AC:  2    Str:  5    XL:     6   Next: 42%
Magic:  7/15       EV: 12    Int: 22    God:
Gold:   285        SH:  0    Dex: 15    Spells: 5/14 levels left

rFire    . . .     SeeInvis .   e - +3 dagger (drain)
rCold    . . .     Gourm    .   (no shield)
rNeg     . . .     Faith    .   a - +0 robe
rPois    .         Spirit   .   (no helmet)
rElec    .         Reflect  .   (no cloak)
rCorr    .         Harm     .   (no gloves)
MR       .....                  (no boots)
Stlth    ++........             (no amulet)
Regen    0.1/turn               (no ring)
MPRegen  0.2/turn               (no ring)

@: drained
A: no striking features
a: no special abilities


You were on level 4 of the Dungeon.
You were not hungry.

You visited 1 branch of the dungeon, and saw 4 of its levels.

You collected 285 gold pieces.

Inventory:

Hand Weapons
 e - a +3 dagger of draining (weapon)
 s - a +0 quarterstaff
Armour
 a - a +0 robe (worn)
Scrolls
 d - a scroll of immolation {unknown}
 f - a scroll of magic mapping
 g - 2 scrolls of teleportation {unknown}
 l - a scroll of fog
 n - 2 scrolls of remove curse
 o - 2 scrolls of enchant weapon
 p - 2 scrolls of identify
Potions
 i - a potion of lignification
 k - a potion of heal wounds {unknown}
 q - 3 potions of curing {unknown}
 r - a potion of haste {unknown}
 t - a potion of might {unknown}
 u - a potion of brilliance {unknown}
Books
 b - a book of Flames

   Spells                             Type                      Level
   a - Flame Tongue                   Conjuration/Fire             1
   b - Throw Flame                    Conjuration/Fire             2
   c - Conjure Flame                  Conjuration/Fire             3
   d - Inner Flame                    Hexes/Fire                   3
   e - Sticky Flame                   Conjuration/Fire             4
   f - Fireball                       Conjuration/Fire             5
 w - a book of Frost

   Spells                             Type                      Level
   a - Freeze                         Ice                          1
   b - Throw Frost                    Conjuration/Ice              2
   c - Ozocubu's Armour               Charms/Ice                   3
   d - Throw Icicle                   Conjuration/Ice              4
   e - Summon Ice Beast               Ice/Summoning                4
Comestibles
 c - 2 bread rations
 h - 5 royal jellies
 m - 3 meat rations


   Skills:
 - Level 0.2(0.0) Short Blades
 - Level 2.4(1.6) Dodging
 - Level 2.4(1.6) Stealth
 + Level 4.8(4.0) Spellcasting
 + Level 3.4(2.6) Conjurations
 * Level 6.4(5.5) Fire Magic


You had 5 spell levels left.
You knew the following spells:

 Your Spells              Type           Power        Failure   Level  Hunger
a - Flame Tongue          Conj/Fire      ###..        1%          1    None
b - Conjure Flame         Conj/Fire      ###.....     6%          3    ###....
c - Fireball              Conj/Fire      ###.......   50%         5    ######.


Dungeon Overview and Level Annotations

Branches:
Dungeon (4/15)
 Temple: D:4-7

Altars:
Ashenzari
Xom
The Shining One

Annotations:
D:3 Sigmund
D:4 Shadostepz's ghost, amateur MiAK


Message History

Aim: Shadostepz's ghost, wielding a weapon of draining (flame, moderately damaged)
The flame tongue hits Shadostepz's ghost.
Shadostepz's ghost is moderately damaged.
Shadostepz's ghost is engulfed in blazing flames.
Shadostepz's ghost hits you!
You feel drained.
Casting: Flame Tongue
Confirm with . or Enter, or press ? or * to list all spells.
Aiming: Flame Tongue
Press: ? - help, Shift-Dir - straight line, f/p - Shadostepz's ghost
Aim: Shadostepz's ghost, wielding a weapon of draining (flame, heavily damaged)
The flame tongue hits Shadostepz's ghost.
Shadostepz's ghost is severely damaged.
Shadostepz's ghost is engulfed in blazing flames.
Shadostepz's ghost hits you!
You feel drained.
* * * LOW HITPOINT WARNING * * *
Shadostepz's ghost is engulfed in blazing flames.
Shadostepz's ghost whispers, "Death doesn't hurt.
What you feel is life."
There is a stone staircase leading up here.
Shadostepz's ghost hits you!
You die...

######### ########## ........#
###......<.#
#######.###........#.##
................@..†..#
.####....##.#.#W#.#.#.#
........#.#.#.....#.#.#
..##....##.W###.###.#.#########
....###.###.# #.# #(..........#
#.#.........# #.# ##..#######.#
#.#.###.###.###.# #.## #.#
#.##.....)......# #.# #.#
........#.#.##.## #.# #.#


You could see Shadostepz's ghost.

Vanquished Creatures
  The ghost of renl the Firebug, an amateur DEFE (D:3)
  2 scorpions (D:4)
  2 worker ants (D:4)
  A hound skeleton (D:4)
  3 gnolls (D:2)
  2 adders
  An ooze (D:2)
  An adder skeleton (D:4)
  2 worms
  3 dart slugs
  4 leopard geckos
  3 orcs (D:4)
  A ball python (D:3)
  4 giant cockroaches
  12 goblins
  10 hobgoblins
  2 jackals (D:2)
  8 bats
  8 frilled lizards
  11 kobolds
  4 rats
85 creatures vanquished.

Notes
Turn   | Place    | Note
-------+----------+-------------------------------------------
     0 | D:1      | renl the Deep Elf Fire Elementalist began the quest for the Orb.
     0 | D:1      | Reached XP level 1. HP: 10/10 MP: 6/6
   264 | D:1      | Reached XP level 2. HP: 15/15 MP: 4/8
   270 | D:1      | Reached skill level 4 in Fire Magic
   588 | D:1      | Reached XP level 3. HP: 17/19 MP: 3/9
   917 | D:2      | Reached skill level 5 in Fire Magic
   917 | D:2      | Reached XP level 4. HP: 16/24 MP: 4/11
  1426 | D:3      | Learned a level 3 spell: Conjure Flame
  1426 | D:3      | Noticed Sigmund
  1706 | D:3      | Noticed renl's ghost (amateur DEFE)
  1721 | D:3      | Found a glowing golden altar of the Shining One.
  1810 | D:3      | Killed renl's ghost
  1810 | D:3      | Reached XP level 5. HP: 28/28 MP: 4/13
  2390 | D:4      | Noticed Shadostepz's ghost (amateur MiAK)
  2511 | D:4      | Found a shattered altar of Ashenzari.
  2511 | D:4      | Found a shimmering altar of Xom.
  2680 | D:4      | Reached skill level 6 in Fire Magic
  2680 | D:4      | Reached XP level 6. HP: 32/32 MP: 5/15
  2709 | D:4      | Learned a level 5 spell: Fireball
  3226 | D:4      | Slain by Shadostepz's ghost

Skill      XL: |  1  2  3  4  5 |
---------------+----------------+-----
Fire Magic     | 4 5 6 |  6.4
Conjurations   | 2 3 |  3.4
Spellcasting   | 4 |  4.8
Short Blades   | |  0.2
Dodging        | |  2.4
Stealth        | |  2.4

Action                   |  1- 3 |  4- 6 || total
-------------------------+-------+-------++-------
Melee: Dagger            |    11 |    11 ||    22
 Cast: Flame Tongue      |    66 |    94 ||   160
       Conjure Flame     |       |     7 ||     7
  Use: Scroll            |       |     5 ||     5
 Stab: Sleeping          |     3 |     4 ||     7
  Eat: Chunk             |       |     7 ||     7
Armor: Robe              |     7 |     2 ||     9
Dodge: Dodged            |    31 |    27 ||    58
